 Dungeon Crawl Stone Soup version 0.22-b1-21-g5cfc168 (webtiles) character file.

2814 letownia2 the Grappler (level 9, 0/62 HPs)
             Began as a Demonspawn Transmuter on Aug 5, 2018.
             Was an Initiate of Cheibriados.
             Slain by a hog (12 damage)
             ... on level 7 of the Dungeon.
             The game lasted 00:22:32 (3662 turns).

letownia2 the Grappler (Demonspawn Transmuter)      Turns: 3662, Time: 00:22:33

Health: 0/62       AC:  2    Str: 15    XL:     9   Next: 44%
Magic:  5/12       EV: 24    Int: 22    God:    Cheibriados [......]
Gold:   404        SH:  0    Dex: 19    Spells: 1/12 levels left

rFire    . . .     SeeInvis .     - Unarmed
rCold    . . .     Gourm    .   (shield currently unavailable)
rNeg     . . .     Faith    .   (armour currently unavailable)
rPois    x         Spirit   .   (helmet currently unavailable)
rElec    .         Reflect  .   (cloak currently unavailable)
rCorr    +         Harm     .   (gloves currently unavailable)
MR       .....                  (boots currently unavailable)
Stlth    ++........             (no amulet)
HPRegen  0.20/turn              k - ring of resist corrosion
MPRegen  0.13/turn              B - +6 ring of intelligence

@: spider-form, very slightly contaminated, very slow
A: tiny, powered by death 1, rot immunity
a: End Transformation, Bend Time, Renounce Religion


You were on level 7 of the Dungeon.
You worshipped Cheibriados.
Cheibriados was noncommittal.
You were not hungry.
You were a venomous arachnid creature.
You visited 2 branches of the dungeon, and saw 8 of its levels.

You collected 404 gold pieces.

Inventory:

Hand Weapons
 d - a +0 hunting sling
 p - a +0 shortbow
Missiles
 a - 69 arrows
 f - 17 bolts
 g - 3 curare-tipped needles
 j - 20 poisoned needles
 r - 34 sling bullets
 u - 4 tomahawks (quivered)
Armour
 c - a scarf of repulsion (melded)
 e - a +0 ring mail (melded)
 h - a +0 pair of boots (melded)
 n - a +0 leather armour
Jewellery
 k - a ring of resist corrosion (left front leg)
 B - a +6 ring of intelligence (right front leg)
Scrolls
 b - a scroll of amnesia {unknown}
 i - 5 scrolls of identify
 m - a scroll of immolation {unknown}
 o - a scroll of magic mapping {unknown}
 q - a scroll of blinking {unknown}
 t - 2 scrolls of teleportation {unknown}
 v - 2 scrolls of enchant armour {unknown}
 y - a scroll of vulnerability {unknown}
Potions
 s - a potion of mutation
 w - a potion of brilliance
 x - a potion of magic
 z - a potion of lignification
Comestibles
 l - 10 rations


   Skills:
 - Level 2.3 Fighting
 - Level 2.3 Armour
 + Level 5.3 Dodging
 - Level 8.8 Unarmed Combat
 - Level 2.4 Spellcasting
 - Level 5.5 Transmutations
 - Level 2.0 Poison Magic


You had one spell level left.
You knew the following spells:

 Your Spells              Type           Power        Failure   Level  Hunger
a - Beastly Appendage     Tmut           ####..       6%          1    None
k - Blade Hands           Tmut           ####......   58%         5    ######.
l - Sticks to Snakes      Tmut           ####....     8%          2    ##.....
p - Spider Form           Tmut/Pois      ###.......   22%         3    ###....

Your spell library contained the following spells:

 Spells                   Type           Power        Failure   Level  Hunger
 Ice Form                 Ice/Tmut       ##......     61%         4    ####...


Dungeon Overview and Level Annotations

Branches:
Dungeon (7/15)             Temple (1/1) D:7

Altars:
Ashenzari
Cheibriados
Dithmenos
Elyvilon
Fedhas
Kikubaaqudgha
Nemelex Xobeh
Okawaru
Qazlal
Ru
Sif Muna
Trog
Uskayaw
Vehumet
Wu Jian
Yredelemnul
Zin
The Shining One

Shops:
D:5 *   D:6 (


Innate Abilities, Weirdness & Mutations

((You have sharp toenails.))
((You are partially covered in molten scales. (AC +2)))
You regenerate a little health from kills.
You are immune to rotting.


Message History

You barely miss the hog.
The hog is lightly wounded.
The hog misses you.
Unknown command.
You bite the hog!
The hog is moderately wounded.
The hog completely misses you.
Unknown command.
You hit the hog.
The hog is poisoned.
The hog is heavily wounded.
The hog misses you.
Unknown command.
You hit the hog.
The hog is heavily wounded.
The hog misses you.
Unknown command.
You barely miss the hog.
The hog is heavily wounded.
The hog bites you!
You die...

##### #...# #...#
#...#########
#.).........#
############.# #.. ###
#.# #.?. #.####.#.#
###'# #.hs.).#.#
#%....#.##.#.#.###.#
#%%...'..†.........
#######............
#.##.#.####.### #..
###.##.#.## #... ....
...........###.# ....
####.##........####....
#.##.#...........#..


You could see a hog.

Vanquished Creatures
  A two-headed ogre (D:7)
  A wyvern (D:7)
  3 hogs (D:7)
  A human (D:7)
  An orc warrior (D:6)
  An ice beast (D:6)
  A phantom (D:6)
  2 ogres
  A centaur (D:6)
  A bullfrog (D:7)
  A water moccasin skeleton (D:4)
  A howler monkey (D:4)
  3 crimson imps
  2 hounds
  An orc priest (D:6)
  9 orc wizards
  A bullfrog skeleton (D:4)
  A centaur skeleton (D:6)
  2 iguanas
  A worker ant (D:7)
  A hound skeleton (D:5)
  7 adders
  A shadow imp (D:6)
  A worm (D:4)
  2 dart slugs
  4 leopard geckos
  20 orcs
  2 ball pythons
  4 giant cockroaches
  A goblin (D:3)
  4 hobgoblins
  4 jackals (D:6)
  A quokka (D:4)
  7 bats
  3 frilled lizards
  4 kobolds
  A leopard gecko zombie (D:7)
  3 rats (D:1)
105 creatures vanquished.

Vanquished Creatures (collateral kills)
  A necrophage (D:6)
1 creature vanquished.

Grand Total: 106 creatures vanquished

Notes
Turn   | Place    | Note
-------+----------+-------------------------------------------
     0 | D:1      | letownia2 the Demonspawn Transmuter began the quest for the Orb.
     0 | D:1      | Reached XP level 1. HP: 15/15 MP: 3/3
   145 | D:1      | Reached skill level 3 in Unarmed Combat
   183 | D:1      | Gained mutation: You regenerate a little health from kills. [demonic ancestry]
   183 | D:1      | Reached XP level 2. HP: 4/21 MP: 3/5
   271 | D:1      | Learned a level 2 spell: Sticks to Snakes
   462 | D:1      | Reached skill level 1 in Armour
   505 | D:3      | Reached XP level 3. HP: 23/26 MP: 4/6
   562 | D:3      | Found a shattered altar of Ashenzari.
   567 | D:3      | Found a radiant altar of Vehumet.
   574 | D:3      | Noticed an orc warrior
   608 | D:2      | Reached XP level 4. HP: 29/32 MP: 3/7
   655 | D:2      | Learned a level 3 spell: Spider Form
   708 | D:3      | Found an ornate altar of the Wu Jian Council.
   884 | D:3      | Reached skill level 4 in Unarmed Combat
   910 | D:4      | Reached skill level 1 in Poison Magic
  1080 | D:5      | Entered Level 5 of the Dungeon
  1209 | D:4      | Gained mutation: You are immune to rotting. [demonic ancestry]
  1209 | D:4      | Reached XP level 5. HP: 11/37 MP: 4/8
  1230 | D:4      | Noticed an ogre
  1464 | D:3      | Found a sacrificial altar of Ru.
  1670 | D:4      | Found a stormy altar of Qazlal.
  1676 | D:4      | Found a white marble altar of Elyvilon.
  1865 | D:5      | Reached XP level 6. HP: 14/43 MP: 1/9
  1884 | D:5      | Found Finirpho's Elemental Accessories.
  2037 | D:5      | Reached skill level 5 in Unarmed Combat
  2194 | D:6      | Noticed an ice beast
  2210 | D:6      | Killed an ice beast
  2210 | D:6      | Reached XP level 7. HP: 37/51 MP: 4/10
  2399 | D:7      | Reached skill level 6 in Unarmed Combat
  2679 | D:6      | Reached skill level 7 in Unarmed Combat
  2706 | D:6      | Found Wuuczyto's Antique Weapon Shop.
  2800 | D:6      | Gained mutation: You have sharp toenails. [demonic ancestry]
  2800 | D:6      | Reached XP level 8. HP: 21/57 MP: 7/11
  3260 | D:4      | Reached skill level 8 in Unarmed Combat
  3271 | D:4      | Found a glowing golden altar of the Shining One.
  3276 | D:4      | Noticed an angel
  3286 | D:4      | Found a basalt altar of Yredelemnul.
  3288 | D:4      | Noticed a profane servitor
  3348 | D:7      | Found a staircase to the Ecumenical Temple.
  3353 | D:7      | Noticed a two-headed ogre
  3369 | D:7      | Killed a two-headed ogre
  3369 | D:7      | Reached skill level 5 in Transmutations
  3369 | D:7      | Gained mutation: You are partially covered in molten scales. (AC +2) [demonic ancestry]
  3369 | D:7      | Reached XP level 9. HP: 21/62 MP: 9/12
  3387 | Temple   | Entered the Ecumenical Temple
  3421 | Temple   | Became a worshipper of Cheibriados the Contemplative
  3466 | Temple   | Learned a level 5 spell: Blade Hands
  3657 | D:7      | Reached skill level 5 in Dodging
  3662 | D:7      | Slain by a hog

Skill      XL: |  1  2  3  4  5  6  7  8  9 |
---------------+----------------------------+-----
Unarmed Combat | 3 4 5 7 8 |  8.8
Armour         | 1 2 |  2.3
Transmutations | 2 3 5 |  5.5
Poison Magic   | 1 2 |  2.0
Fighting       | 2 |  2.3
Dodging        | 5 |  5.3
Spellcasting   | |  2.4

Action                   |  1- 3 |  4- 6 |  7- 9 || total
-------------------------+-------+-------+-------++-------
Melee: Unarmed           |   119 |   179 |   182 ||   480
       Headbutt          |    14 |     1 |     2 ||    17
       Punch             |     1 |     1 |     1 ||     3
 Fire: Hunting sling     |       |       |    24 ||    24
 Cast: Beastly Appendage |    13 |     3 |     2 ||    18
       Sticks to Snakes  |     2 |     2 |     3 ||     7
       Spider Form       |       |    10 |    13 ||    23
  Use: Potion            |       |     2 |       ||     2
       Scroll            |       |     2 |     4 ||     6
  Eat: Chunk             |       |     8 |     8 ||    16
Armor: Ring mail         |    92 |    34 |    27 ||   153
       Skin              |       |     3 |     6 ||     9
Dodge: Dodged            |    73 |   111 |   111 ||   295
